[Event "Titled Tuesday Blitz May 11 2021"]
[White "BeanScreen"]
[Black "Kovalev, Vladislav"]
[BlackFideId "13504398"]
[WhiteElo "2718"]
[BlackElo "2573"]
[Result "0-1"]
[Round "06"]
[TimeControl "180+1"]
[Date "2021.05.11"]
[WhiteClock "0:00:02"]
[BlackClock "0:00:23"]

1. e4 e5 2. Nf3 Nc6 3. Bc4 Nf6 4. d3 Bc5 5. c3 d6 6. Nbd2 h6 7. a4 a6 8. Nf1 d5 9. exd5 Nxd5 10. Ng3 O-O 11. O-O Re8 12. Re1 Bf8 13. h3 Nb6 14. Bb3 Be6 15. Bxe6 Rxe6 16. d4 Qd5 17. dxe5 Qxd1 18. Rxd1 Nxe5 19. Nxe5 Rxe5 20. Bf4 Rc5 21. Rd3 Re8 22. Be3 Rc6 23. b3 Bc5 24. Bxc5 Rxc5 25. Rad1 Rce5 26. Kf1 c6 27. Rd8 Kf8 28. Rxe8+ Kxe8 29. Re1 Rxe1+ 30. Kxe1 Nd5 31. Kd2 Nf4 32. Nf5 Kf8 33. g3 Nxh3 34. f4 g6 35. Nd6 b5 36. Ke3 Ke7 37. Ne4 f5 38. Nc5 Kd6 39. Nxa6 bxa4 40. bxa4 c5 41. a5 g5 42. Kf3 g4+ 43. Kg2 h5 44. c4 h4 45. Kh2 hxg3+ 46. Kxg3 Ng1 47. Kf2 Nf3 48. Ke3 Nd4 49. Kd3 Nc6 50. Ke3 Nb4 51. Nxb4 cxb4 52. a6 Kc6 53. c5 b3 54. Kd3 g3 55. Kc3 g2 56. a7 Kb7 57. c6+ Kxa7 58. c7 Kb7 59. Kxb3 Kxc7 60. Kc3 g1=Q 61. Kd3 Qg2 0-1


[Site "https://www.chess.com"]

[Event "Titled Tuesday Blitz May 11 2021"]
[White "Dang, Hoang Son"]
[Black "Demchenko, Anton"]
[WhiteFideId "12402435"]
[BlackFideId "4160258"]
[WhiteElo "2248"]
[BlackElo "2593"]
[Result "1-0"]
[Round "06"]
[TimeControl "180+1"]
[Date "2021.05.11"]
[WhiteClock "0:00:09"]
[BlackClock "0:00:01"]

1. d4 Nf6 2. c4 g6 3. Nc3 d6 4. e4 Bg7 5. f3 e5 6. dxe5 dxe5 7. Qxd8+ Kxd8 8. Bg5 c6 9. O-O-O Kc7 10. g4 h5 11. gxh5 Nxh5 12. Bh3 Bxh3 13. Nxh3 Nd7 14. Be7 Bf8 15. Bxf8 Raxf8 16. Ne2 Nc5 17. Ng5 Ng7 18. f4 f6 19. Nf3 Nxe4 20. Rhg1 Nf2 21. Rxg6 Ne6 22. Rf1 Nd3+ 23. Kc2 Nexf4 24. Rg7+ Kb6 25. Nxf4 Nxf4 26. b4 a6 27. Rd1 Rd8 28. Rxd8 Rxd8 29. Rf7 Rd3 30. Nxe5 fxe5 31. Rxf4 Ra3 32. Kb2 Rh3 33. Rf2 a5 34. a3 a4 35. Re2 Rh5 36. Kc2 Kc7 37. c5 Kd7 38. Rg2 Ke6 39. Rd2 Rh3 40. Kb2 e4 41. Rd6+ Ke5 42. Rd7 Rxh2+ 43. Kc3 Rh3+ 44. Kc4 Rh1 45. Re7+ Kf5 46. Rxb7 Rc1+ 47. Kd4 Rd1+ 48. Ke3 Rd3+ 49. Ke2 Rxa3 50. Rc7 Kf4 51. Rf7+ Ke5 52. Rc7 Kd5 53. Rd7+ Kc4 54. Rd6 Kxb4 55. Rxc6 Kc4 56. Rc8 Kd4 57. c6 Ra2+ 58. Kd1 Ra1+ 59. Kc2 Ra2+ 60. Kb1 Rh2 61. Rd8+ Kc3 62. c7 Rh1+ 63. Ka2 Rh2+ 64. Ka3 Rh3 65. c8=Q# 1-0


[Site "https://www.chess.com"]

[Event "Titled Tuesday Blitz May 11 2021"]
[White "Dardha, Daniel"]
[Black "Tari, Aryan"]
[WhiteFideId "240990"]
[BlackFideId "1510045"]
[WhiteElo "2489"]
[BlackElo "2656"]
[Result "0-1"]
[Round "06"]
[TimeControl "180+1"]
[Date "2021.05.11"]
[WhiteClock "0:00:05"]
[BlackClock "0:00:19"]

1. d4 d5 2. Bf4 Bf5 3. e3 e6 4. Nf3 Bd6 5. Bg3 Nf6 6. c4 O-O 7. Nc3 a6 8. c5 Bxg3 9. hxg3 h6 10. Bd3 Bxd3 11. Qxd3 Nbd7 12. b4 c6 13. a4 Re8 14. O-O e5 15. Qd1 Qe7 16. b5 axb5 17. axb5 Rxa1 18. Qxa1 Ne4 19. Rb1 Nxc3 20. Qxc3 e4 21. Nd2 Ra8 22. Ra1 Qd8 23. b6 Qb8 24. Nb3 Nf6 25. Na5 h5 26. Ra3 g5 27. Qa1 Kg7 28. Nxb7 Rxa3 29. Qxa3 Qxb7 30. Qa7 Qd7 31. b7 Qg4 32. Qa4 Qe2 33. Qa1 Qb5 34. Qd1 Qxb7 35. f3 Qb2 36. fxe4 Nxe4 37. Qf3 Kg6 38. g4 hxg4 39. Qxg4 Qf2+ 40. Kh1 Qe1+ 41. Kh2 Qh4+ 42. Qxh4 gxh4 43. Kh3 Kg5 44. g3 hxg3 45. Kg2 Kg4 46. Kh1 Kf3 47. Kg1 Kxe3 0-1


[Site "https://www.chess.com"]

[Event "Titled Tuesday Blitz May 11 2021"]
[White "Debashis, Das"]
[Black "Kazakouski, Valery"]
[WhiteFideId "5024854"]
[BlackFideId "13507443"]
[WhiteElo "2470"]
[BlackElo "2546"]
[Result "1-0"]
[Round "06"]
[TimeControl "180+1"]
[Date "2021.05.11"]
[WhiteClock "0:00:13"]
[BlackClock "0:00:08"]

1. e4 c5 2. Nf3 a6 3. c3 d5 4. exd5 Qxd5 5. d4 Bg4 6. Be2 Nf6 7. O-O e6 8. Be3 cxd4 9. Nxd4 Bxe2 10. Qxe2 Nc6 11. Rd1 Be7 12. c4 Nxd4 13. Bxd4 Qc6 14. Nd2 O-O 15. Nf3 Rfd8 16. Ne5 Qe4 17. Qxe4 Nxe4 18. Bb6 Rdc8 19. Rac1 Bd6 20. Nd3 Bc7 21. Be3 Nd6 22. b3 Nf5 23. Bf4 Bxf4 24. Nxf4 Rd8 25. Kf1 Kf8 26. Nd3 Rac8 27. Rd2 Rd4 28. Rcd1 Rcd8 29. Ke1 Re4+ 30. Re2 Red4 31. Red2 Nh4 32. Kf1 Ke7 33. f3 g5 34. Kf2 h5 35. g3 Ng6 36. Ke2 b6 37. Nb4 Rxd2+ 38. Rxd2 Rxd2+ 39. Kxd2 a5 40. Nd3 Kd6 41. a3 f5 42. b4 axb4 43. axb4 e5 44. Ke3 g4 45. f4 e4 46. Nb2 Nf8 47. Na4 Kc7 48. Nc3 Ne6 49. Nd5+ Kb7 50. Nf6 Ng7 51. Kd4 Kc7 52. Nd5+ Kb7 53. Ke5 Kc6 54. Ne3 h4 55. gxh4 Kd7 56. Kf6 Nh5+ 57. Kxf5 g3 58. hxg3 Nxg3+ 59. Ke5 1-0


[Site "https://www.chess.com"]

[Event "Titled Tuesday Blitz May 11 2021"]
[White "Dubov, Daniil"]
[Black "Sasikiran, Krishnan"]
[WhiteFideId "24126055"]
[BlackFideId "5004985"]
[WhiteElo "2722"]
[BlackElo "2552"]
[Result "1-0"]
[Round "06"]
[TimeControl "180+1"]
[Date "2021.05.11"]
[WhiteClock "0:00:13"]
[BlackClock "0:00:01"]

1. d4 d5 2. c4 c6 3. Nf3 Nf6 4. Nc3 e6 5. Qc2 dxc4 6. e4 b5 7. Be2 Nbd7 8. O-O Bb7 9. Rb1 a6 10. b3 cxb3 11. Rxb3 c5 12. d5 e5 13. a4 c4 14. Bxc4 Rc8 15. Nd2 b4 16. Nd1 a5 17. Rg3 g6 18. Ne3 Bh6 19. Bb2 Bf4 20. Rf3 O-O 21. Qb1 Bh6 22. Rh3 Bg7 23. Bb5 Ne8 24. Nec4 f6 25. Nb3 Ra8 26. Bxd7 Qxd7 27. Nb6 Qd8 28. Nxa8 Qxa8 29. Nc5 Bc8 30. Re3 Nd6 31. Qd3 Bh6 32. Re2 Qa7 33. Rc2 Rf7 34. Rd1 Rc7 35. Ne6 1-0


[Site "https://www.chess.com"]

[Event "Titled Tuesday Blitz May 11 2021"]
[White "Fier, Alexandr"]
[Black "Mohammad Fahad, Rahman"]
[WhiteFideId "2107139"]
[BlackFideId "10207791"]
[WhiteElo "2569"]
[BlackElo "2323"]
[Result "0-1"]
[Round "06"]
[TimeControl "180+1"]
[Date "2021.05.11"]
[WhiteClock "0:00:50"]
[BlackClock "0:00:59"]

1. d4 d5 2. c4 c6 3. Nc3 Nf6 4. Nf3 e6 5. Bg5 Nbd7 6. cxd5 exd5 7. e3 h6 8. Bh4 g5 9. Bg3 Nh5 10. Be5 Nxe5 11. Nxe5 Nf6 12. h4 Bg7 13. Bd3 Be6 14. hxg5 hxg5 15. Rxh8+ Bxh8 16. Qf3 Qc7 17. Rc1 O-O-O 18. Qg3 Nd7 19. Qxg5 Nxe5 20. dxe5 Bxe5 21. Bf5 d4 22. Bxe6+ fxe6 23. Ne4 d3 24. Qg6 Bxb2 25. Qxe6+ Kb8 26. Rd1 Qa5+ 27. Kf1 Qh5 28. Ke1 Qe2# 0-1


[Site "https://www.chess.com"]

[Event "Titled Tuesday Blitz May 11 2021"]
[White "Goltsev, Dmitry"]
[Black "Zhigalko, Sergei"]
[WhiteFideId "24176710"]
[BlackFideId "13502956"]
[WhiteElo "2366"]
[BlackElo "2662"]
[Result "1-0"]
[Round "06"]
[TimeControl "180+1"]
[Date "2021.05.11"]
[WhiteClock "0:00:08"]
[BlackClock "0:00:02"]

1. e4 c5 2. Nf3 Nc6 3. d4 cxd4 4. Nxd4 Nf6 5. Nc3 e5 6. Ndb5 d6 7. Nd5 Nxd5 8. exd5 Nb8 9. c4 Be7 10. Be3 O-O 11. Bd3 f5 12. f3 a6 13. Nc3 Bg5 14. Bxg5 Qxg5 15. Qd2 Qd8 16. O-O-O Nd7 17. g4 Nc5 18. gxf5 Bxf5 19. Bxf5 Rxf5 20. Qe3 Rf4 21. b3 b5 22. Ne2 Rh4 23. cxb5 axb5 24. Kb1 Qa5 25. Nc1 Nxb3 26. axb3 Qa1+ 27. Kc2 Rc8+ 28. Kd2 Qb2+ 29. Ke1 Rc3 30. Nd3 Qg2 31. Rg1 Qxh2 32. Qg5 g6 33. Rd2 Qh3 34. Qd8+ Kg7 35. Qxd6 Rh5 36. Qe7+ Kg8 37. Qe6+ Kg7 38. Qxh3 Rxh3 39. Kf2 Rxb3 40. Nxe5 Kf6 41. Ng4+ Ke7 42. Rg3 Rh1 43. d6+ Kd8 44. Ne5 Rh2+ 45. Rg2 Rxg2+ 46. Kxg2 Re3 47. Nc6+ Kd7 48. Nb8+ Kd8 49. d7 Rc3 50. Rd6 Rc2+ 51. Kg3 Rc7 52. Nc6+ Rxc6 53. Rxc6 Kxd7 54. Rb6 1-0


[Site "https://www.chess.com"]

[Event "Titled Tuesday Blitz May 11 2021"]
[White "Gunina, Valentina"]
[Black "Gritsenko, Nikolai"]
[WhiteFideId "4167570"]
[BlackFideId "14112493"]
[WhiteElo "2399"]
[BlackElo "2389"]
[Result "0-1"]
[Round "06"]
[TimeControl "180+1"]
[Date "2021.05.11"]
[WhiteClock "0:00:04"]
[BlackClock "0:00:08"]

1. d4 d5 2. c4 Nc6 3. e3 e6 4. Nc3 Nf6 5. Nf3 Bb4 6. Be2 O-O 7. O-O dxc4 8. Bxc4 a6 9. Qc2 Bd6 10. a3 e5 11. d5 Ne7 12. e4 Ng6 13. Rd1 h6 14. h3 Nh5 15. Be3 Qf6 16. Nh2 Nhf4 17. Ng4 Qh4 18. f3 Qg5 19. Kh1 h5 20. Nh2 h4 21. Ng4 Qe7 22. Rac1 Nh5 23. Qd2 Ngf4 24. Bf2 Ng3+ 25. Kg1 g6 26. Qe1 f5 27. exf5 gxf5 28. Ne3 Qg5 29. Bxg3 hxg3 30. b4 Bd7 31. Bf1 b5 32. Nb1 e4 33. Nd2 Rae8 34. fxe4 Ng6 35. Nf3 Qf4 36. e5 Nxe5 37. Nd4 Nc4 38. Bxc4 Rxe3 39. Qf1 bxc4 40. Nf3 Rfe8 41. Rxc4 R3e4 42. Rc3 Bb5 0-1


[Site "https://www.chess.com"]

[Event "Titled Tuesday Blitz May 11 2021"]
[White "Hess, Robert"]
[Black "Shimanov, Aleksandr"]
[WhiteFideId "2022036"]
[BlackFideId "4198603"]
[WhiteElo "2557"]
[BlackElo "2596"]
[Result "0-1"]
[Round "06"]
[TimeControl "180+1"]
[Date "2021.05.11"]
[WhiteClock "0:00:01"]
[BlackClock "0:00:10"]

1. d4 Nf6 2. c4 g6 3. Nc3 Bg7 4. e4 O-O 5. Nf3 d6 6. Be2 e5 7. O-O Nc6 8. Be3 Bg4 9. d5 Bxf3 10. Bxf3 Nd4 11. Rc1 Nd7 12. Nb5 Nxf3+ 13. Qxf3 a6 14. Nc3 f5 15. b4 Qh4 16. c5 Bh6 17. cxd6 cxd6 18. g3 Qh3 19. Bxh6 Qxh6 20. Na4 Qd2 21. Rc7 Rf7 22. Qc3 Qxc3 23. Nxc3 Nf6 24. Rc4 fxe4 25. Re1 Raf8 26. Re2 h5 27. Nxe4 Nxe4 28. Rcxe4 Rc7 29. b5 axb5 30. Rb4 Rc5 31. f4 exf4 32. Re6 Rc1+ 33. Kg2 f3+ 34. Kf2 Rc2+ 35. Kf1 f2 36. Rf4 Rxf4 37. gxf4 Kf7 38. Rxd6 Rxa2 39. Rd7+ Kf6 40. Rxb7 Kf5 41. d6 Rd2 42. Rxb5+ Kxf4 43. d7 Rxd7 44. Kxf2 Rd2+ 45. Kg1 g5 46. Rb4+ Ke3 47. Rb3+ Kf4 48. Rb4+ Ke3 49. Rb3+ Ke4 50. Rb4+ Rd4 51. Rb5 Rd5 52. Rb4+ Kf3 53. Rb3+ Kg4 54. Rb4+ Kf5 55. Kg2 Rd2+ 56. Kg1 Re2 57. Rb5+ Re5 58. Rb4 Re4 59. Rb3 Kf4 60. Kf2 Rc4 61. Rf3+ Ke5 62. Rf8 Rf4+ 63. Rxf4 Kxf4 64. Kg2 Kg4 65. h3+ Kf4 0-1


[Site "https://www.chess.com"]

[Event "Titled Tuesday Blitz May 11 2021"]
[White "Ivic, Velimir"]
[Black "Ortiz Suarez, Isan Reynaldo"]
[WhiteFideId "950122"]
[BlackFideId "3507165"]
[WhiteElo "2509"]
[BlackElo "2539"]
[Result "1/2-1/2"]
[Round "06"]
[TimeControl "180+1"]
[Date "2021.05.11"]
[WhiteClock "0:00:02"]
[BlackClock "0:00:12"]

1. e4 c5 2. Nf3 d6 3. d4 cxd4 4. Nxd4 Nf6 5. Nc3 a6 6. a4 e6 7. g4 Nc6 8. g5 Nd7 9. h4 Be7 10. Be3 O-O 11. Rg1 Qc7 12. h5 Re8 13. g6 Nde5 14. gxf7+ Nxf7 15. Qd2 Bf6 16. Be2 Bd7 17. Nf5 Kh8 18. h6 g6 19. Ng7 Rec8 20. Rd1 Nb4 21. Kf1 b5 22. Bg4 e5 23. Bxd7 Qxd7 24. axb5 axb5 25. Qe2 Bxg7 26. hxg7+ Kxg7 27. Rh1 Rc4 28. Kg2 Rac8 29. Qf3 Nxc2 30. Nd5 Qe6 31. b3 Nxe3+ 32. Qxe3 Qg4+ 33. Qg3 Qxe4+ 34. Kh2 Rc2 35. Rhg1 Qf5 36. Ne3 Rxf2+ 37. Rg2 Rxg2+ 38. Kxg2 Qe4+ 39. Qf3 Qxf3+ 40. Kxf3 Rc3 41. b4 Rb3 42. Rc1 Kf6 43. Rc7 Ng5+ 44. Ke2 Ke6 45. Nc2 Ne4 46. Rb7 d5 47. Ne3 d4 48. Rb6+ Kd7 49. Ng4 h5 50. Nxe5+ Kc7 51. Rxg6 Rxb4 52. Rh6 Rb1 53. Kd3 Ng3 54. Kxd4 b4 55. Kc5 b3 56. Rh7+ Kd8 57. Kd6 Rd1+ 58. Ke6 b2 59. Nc6+ Kc8 60. Na7+ Kb8 61. Nc6+ Kc8 62. Na7+ Kb8 63. Nc6+ Kc8 1/2-1/2


[Site "https://www.chess.com"]

[Event "Titled Tuesday Blitz May 11 2021"]
[White "Jacobson, Brandon"]
[Black "Kamsky, Gata"]
[WhiteFideId "30901561"]
[BlackFideId "2000024"]
[WhiteElo "2362"]
[BlackElo "2644"]
[Result "0-1"]
[Round "06"]
[TimeControl "180+1"]
[Date "2021.05.11"]
[WhiteClock "0:00:02"]
[BlackClock "0:00:15"]

1. d4 d5 2. c4 c6 3. cxd5 cxd5 4. Nc3 Nf6 5. Bf4 Nc6 6. e3 a6 7. Be2 Bf5 8. Nf3 e6 9. Qb3 Ra7 10. Ne5 Nxe5 11. Bxe5 b5 12. O-O Nd7 13. Bg3 Be7 14. a4 b4 15. Nb1 O-O 16. Rc1 a5 17. Nd2 Nf6 18. Rc6 h6 19. Rac1 Qa8 20. Qd1 Rd8 21. Nb3 Ne8 22. Bd3 Bxd3 23. Qxd3 Bd6 24. Qc2 Bxg3 25. hxg3 Nd6 26. Rc5 g6 27. Nd2 Qb7 28. Rc7 Qxc7 29. Qxc7 Rxc7 30. Rxc7 Ra8 31. f3 Kf8 32. Kf2 Ke8 33. e4 Kd8 34. Rc5 Nb7 35. Rb5 Nd6 36. Rc5 Nb7 37. Rc1 Rc8 38. Rxc8+ Kxc8 39. g4 Kd7 40. exd5 exd5 41. Ke3 Nd6 42. b3 Ke6 43. Nf1 f5 44. Kf4 g5+ 45. Ke3 fxg4 46. fxg4 Ne4 47. Kf3 Kf6 48. Ne3 Ke6 49. Nf5 Nd2+ 50. Ke3 Nxb3 51. Nxh6 Nc1 52. Kd2 Na2 0-1


[Site "https://www.chess.com"]

[Event "Titled Tuesday Blitz May 11 2021"]
[White "Jobava, Baadur"]
[Black "Martinez Alcantara, Jose Eduardo"]
[WhiteFideId "13601520"]
[BlackFideId "3805662"]
[WhiteElo "2748"]
[BlackElo "2690"]
[Result "1-0"]
[Round "06"]
[TimeControl "180+1"]
[Date "2021.05.11"]
[WhiteClock "0:00:35"]
[BlackClock "0:00:03"]

1. d4 Nf6 2. c4 e6 3. Nf3 Bb4+ 4. Bd2 Qe7 5. g3 Bxd2+ 6. Nbxd2 d6 7. Bg2 a5 8. O-O e5 9. e4 Bg4 10. Qb3 b6 11. c5 Nbd7 12. cxd6 cxd6 13. Rac1 O-O 14. Rc7 Rfc8 15. Rfc1 Qd8 16. Qc3 Rxc7 17. Qxc7 Qxc7 18. Rxc7 Re8 19. h3 Bxf3 20. Nxf3 exd4 21. Nxd4 Nc5 22. Rc6 Nfxe4 23. Rxb6 g6 24. Bxe4 Nxe4 25. Kg2 Kg7 26. Ra6 Re5 27. Ra7 h5 28. a4 h4 29. gxh4 Nc5 30. Rxa5 Re4 31. Nb5 Nxa4 32. Nxd6 Rd4 33. Ne8+ Kf8 34. Ra8 Nxb2 35. h5 gxh5 36. Nf6+ Ke7 37. Nxh5 Nc4 38. Ng3 Nd6 39. Ra6 Rc4 40. h4 Kd7 41. h5 Rh4 42. Rxd6+ 1-0


[Site "https://www.chess.com"]

[Event "Titled Tuesday Blitz May 11 2021"]
[White "Jones, Gawain C B"]
[Black "Salinas Herrera, Pablo"]
[WhiteFideId "409561"]
[BlackFideId "3407128"]
[WhiteElo "2657"]
[BlackElo "2541"]
[Result "1-0"]
[Round "06"]
[TimeControl "180+1"]
[Date "2021.05.11"]
[WhiteClock "0:00:19"]
[BlackClock "0:00:03"]

1. e4 e5 2. Nf3 Nc6 3. Bc4 Nf6 4. d4 exd4 5. e5 d5 6. Bb5 Ne4 7. Nxd4 Bc5 8. O-O O-O 9. Bxc6 bxc6 10. Nc3 Nxc3 11. bxc3 Qe8 12. Be3 Bb6 13. Re1 c5 14. Nb3 Qc6 15. Qf3 Bb7 16. Qg3 Rae8 17. Bg5 Qg6 18. Be3 Qc6 19. h4 a5 20. Bg5 Kh8 21. a4 c4 22. Nd4 Qg6 23. Bf4 c5 24. Nb5 Bc6 25. Rab1 Bd8 26. Nd6 Qxc2 27. Nxe8 Rxe8 28. Rb8 Qxa4 29. e6 fxe6 30. Be5 Bf6 31. Bxf6 gxf6 32. Rxe6 Rxb8 33. Qxb8+ Kg7 34. Re7+ Kg6 35. Qg3+ Kf5 36. Qf3+ Kg6 37. Qg4+ Kh6 38. Qg7+ Kh5 39. Qxh7+ Kg4 40. Qg6+ Kf4 41. g3+ 1-0


[Site "https://www.chess.com"]

[Event "Titled Tuesday Blitz May 11 2021"]
[White "Kollars, Dmitrij"]
[Black "Idani, Pouya"]
[WhiteFideId "12909572"]
[BlackFideId "12510130"]
[WhiteElo "2576"]
[BlackElo "2610"]
[Result "1-0"]
[Round "06"]
[TimeControl "180+1"]
[Date "2021.05.11"]
[WhiteClock "0:01:13"]
[BlackClock "0:01:15"]

1. Nf3 f5 2. d4 Nf6 3. c4 g6 4. e3 Bg7 5. Be2 O-O 6. O-O a5 7. Nc3 d6 8. a3 Qe8 9. Rb1 a4 10. Qc2 e5 11. dxe5 dxe5 12. c5 e4 13. Nd4 Bd7 14. b4 axb3 15. Qxb3+ Kh8 16. Qxb7 Nc6 17. Qxc7 Rc8 18. Qd6 Nd8 19. Nd5 Nxd5 20. Qxd5 Ne6 21. Bb2 Rxc5 22. Nxe6 Rxd5 23. Nxg7 Qa8 24. Nxf5+ Rf6 25. Bxf6+ Kg8 26. Ne7+ 1-0


[Site "https://www.chess.com"]

[Event "Titled Tuesday Blitz May 11 2021"]
[White "Laxman, R.R."]
[Black "Grandelius, Nils"]
[WhiteFideId "5005361"]
[BlackFideId "1710400"]
[WhiteElo "2476"]
[BlackElo "2651"]
[Result "1/2-1/2"]
[Round "06"]
[TimeControl "180+1"]
[Date "2021.05.11"]
[WhiteClock "0:00:04"]
[BlackClock "0:00:05"]

1. d4 d5 2. Nf3 e6 3. c4 a6 4. cxd5 exd5 5. Nc3 h6 6. Bf4 Nf6 7. e3 Bd6 8. Bg3 Bf5 9. Bd3 Bxd3 10. Qxd3 O-O 11. O-O Bxg3 12. hxg3 Nbd7 13. Rac1 c6 14. b4 Qe7 15. a3 Nb6 16. Rfe1 Ne4 17. Ne2 Nc4 18. Nf4 b5 19. Ne5 Rfc8 20. g4 Nxe5 21. dxe5 Qxe5 22. Rc2 Nd6 23. Rc5 Nc4 24. a4 Nb2 25. Qc2 Nc4 26. g3 Qd6 27. Qf5 Ne5 28. Nxd5 Re8 29. Rd1 Rad8 30. Nc3 Qxd1+ 31. Nxd1 Rxd1+ 32. Kg2 f6 33. Qc2 Red8 34. axb5 axb5 35. Rxe5 fxe5 36. Qxc6 R1d2 37. Qe6+ Kh8 38. Qe7 Rc8 39. g5 hxg5 40. Qxe5 Rf8 41. Qxb5 Rfxf2+ 42. Kh3 Rb2 43. Kg4 Kh7 44. Kxg5 Rfd2 45. Qc4 Rd6 46. e4 Rg6+ 47. Kf4 Rf2+ 48. Ke3 Rg2 49. b5 R6xg3+ 50. Kf4 Rg4+ 51. Ke5 Rg5+ 52. Kd4 Rb2 53. Qf1 Rbxb5 54. Qh3+ Rh5 55. Qf3 Rb4+ 56. Kc3 Rhb5 57. Qh3+ Kg8 58. Qe6+ Kh7 59. Qh3+ Kg6 60. Qe6+ Kh7 61. Qh3+ 1/2-1/2


[Site "https://www.chess.com"]

[Event "Titled Tuesday Blitz May 11 2021"]
[White "Le, Tuan Minh"]
[Black "Artemiev, Vladislav"]
[WhiteFideId "12401153"]
[BlackFideId "24101605"]
[WhiteElo "2450"]
[BlackElo "2783"]
[Result "1/2-1/2"]
[Round "06"]
[TimeControl "180+1"]
[Date "2021.05.11"]
[WhiteClock "0:00:07"]
[BlackClock "0:00:03"]

1. d4 d5 2. Nf3 c5 3. c3 Nf6 4. Bf4 Nc6 5. e3 Qb6 6. Qc2 Nh5 7. Be5 e6 8. Nbd2 cxd4 9. exd4 Bd7 10. Bd3 Rc8 11. Qb3 f6 12. Bg3 g6 13. O-O Kf7 14. Rae1 Qxb3 15. axb3 a5 16. Ra1 Nxg3 17. hxg3 Bd6 18. Rfe1 b6 19. Nf1 h5 20. Ne3 Ne7 21. Rad1 a4 22. bxa4 Bxa4 23. Ra1 Ra8 24. Bc2 Bxc2 25. Nxc2 Nc6 26. Kf1 Na5 27. Nd2 h4 28. gxh4 Bf4 29. Ne3 Bxe3 30. fxe3 Rac8 31. g3 g5 32. Nf3 gxh4 33. gxh4 Rc7 34. e4 dxe4 35. Rxe4 Nc4 36. Re2 b5 37. Ra6 Re7 38. Kf2 Rd8 39. Rc6 Nd6 40. Rb6 Red7 41. Nd2 Rh8 42. Nf3 Rhd8 43. Ra6 b4 44. c4 Nxc4 45. Rexe6 Rd6 46. Rexd6 Nxd6 47. b3 Nf5 48. Ra4 Nxd4 49. Rxb4 Ne6 50. Ke3 Rc8 51. Rb7+ Kg6 52. Rb6 Rc3+ 53. Kf2 Nc5 54. Ke2 Nxb3 55. Ne5+ Kf5 56. Nf3 Nc5 57. Nd4+ Ke4 58. Nb5 Rc2+ 59. Kd1 Rh2 60. Rxf6 Nd3 61. Nc3+ Kd4 62. Nb5+ Kc5 63. Na7 Kc4 64. Rc6+ Kd5 65. Rc8 Rxh4 66. Rd8+ Ke4 67. Re8+ Kd5 68. Rd8+ Ke4 69. Re8+ Kd5 70. Rd8+ 1/2-1/2


[Site "https://www.chess.com"]

[Event "Titled Tuesday Blitz May 11 2021"]
[White "Murzin, Volodar"]
[Black "Anton Guijarro, David"]
[WhiteFideId "44155573"]
[BlackFideId "2285525"]
[WhiteElo "2541"]
[BlackElo "2629"]
[Result "1-0"]
[Round "06"]
[TimeControl "180+1"]
[Date "2021.05.11"]
[WhiteClock "0:00:29"]
[BlackClock "0:00:20"]

1. e4 c6 2. Nf3 d5 3. exd5 cxd5 4. Ne5 e6 5. Bb5+ Bd7 6. Nxd7 Nxd7 7. d4 Bd6 8. Nd2 Ne7 9. c3 O-O 10. Nf3 a6 11. Bd3 b5 12. a3 Ng6 13. O-O Nb6 14. g3 Nc4 15. h4 Re8 16. Ng5 Nf8 17. f4 h6 18. Nf3 Nd7 19. Ne5 f5 20. Qh5 Nf6 21. Qf7+ Kh8 22. Qg6 Bxe5 23. fxe5 Ng4 24. Rxf5 exf5 25. Bxf5 Kg8 26. Qh7+ Kf8 27. Bxg4 1-0


[Site "https://www.chess.com"]

[Event "Titled Tuesday Blitz May 11 2021"]
[White "Nakamura, Hikaru"]
[Black "Praggnanandhaa R"]
[WhiteFideId "2016192"]
[BlackFideId "25059530"]
[WhiteElo "2900"]
[BlackElo "2555"]
[Result "1-0"]
[Round "06"]
[TimeControl "180+1"]
[Date "2021.05.11"]
[WhiteClock "0:00:16"]
[BlackClock "0:00:01"]

1. Nf3 d5 2. b3 Bg4 3. e3 e6 4. Bb2 Nf6 5. d3 a5 6. a3 Nbd7 7. h3 Bh5 8. g4 Bg6 9. Nh4 a4 10. b4 c5 11. bxc5 Bxc5 12. Nd2 O-O 13. Bg2 Ra6 14. Nxg6 hxg6 15. O-O Rb6 16. Qc1 Rc6 17. c4 Bd6 18. Qd1 Ne5 19. c5 Bb8 20. d4 Nd3 21. Bc3 e5 22. dxe5 Bxe5 23. Bxe5 Nxe5 24. Qxa4 Rxc5 25. Rab1 Qc7 26. Qd4 b6 27. Qb2 Rc2 28. Qd4 Nc6 29. Qxb6 Qe7 30. Rb2 Rxb2 31. Qxb2 Ra8 32. Ra1 Ne4 33. Nxe4 dxe4 34. Qc2 Qf6 35. Ra2 Qe6 36. Bxe4 Nb4 37. Qb1 Nxa2 38. Bxa8 Qc4 39. Bf3 Nc3 40. Qb4 Qd3 41. Kg2 Qc2 42. Qc4 Qb2 43. a4 Qa3 44. Bc6 Nd1 45. Be8 Qe7 46. Bb5 Qf6 47. Qf4 Qb2 48. Bc4 Qb7+ 49. Qf3 Qd7 50. a5 Nb2 51. Bb3 Nd3 52. Qd5 Ne1+ 53. Kf1 1-0


[Site "https://www.chess.com"]

[Event "Titled Tuesday Blitz May 11 2021"]
[White "Oliveira, Silvio Eduardo"]
[Black "Chigaev, Maksim"]
[WhiteFideId "2111560"]
[BlackFideId "4108116"]
[WhiteElo "2302"]
[BlackElo "2646"]
[Result "0-1"]
[Round "06"]
[TimeControl "180+1"]
[Date "2021.05.11"]
[WhiteClock "0:00:15"]
[BlackClock "0:00:13"]

1. e4 e5 2. Nf3 Nc6 3. Bb5 a6 4. Ba4 Bc5 5. O-O Nge7 6. c3 Ba7 7. d4 Ng6 8. Re1 O-O 9. Bg5 f6 10. Be3 d6 11. Nbd2 Kh8 12. Nf1 Bg4 13. d5 Nce7 14. Ng3 Nh4 15. Bxa7 Rxa7 16. Qd3 Bxf3 17. gxf3 Neg6 18. Qe3 Ra8 19. Kh1 Qc8 20. Rg1 Nf4 21. Bc2 Qh3 22. Bd3 g6 23. c4 b6 24. Bf1 Qd7 25. Ne2 Nxe2 26. Bxe2 g5 27. b4 a5 28. a3 axb4 29. axb4 Qh3 30. f4 Qxe3 31. fxe3 gxf4 32. exf4 exf4 33. Bg4 Rxa1 34. Rxa1 f5 35. Bxf5 Nxf5 36. exf5 Rxf5 37. Kg2 f3+ 38. Kf2 Kg7 39. Ra7 Rf7 40. Ra3 Kg6 41. Rxf3 Rxf3+ 42. Kxf3 Kf5 43. h3 Ke5 44. Ke3 b5 45. Kd3 h6 46. h4 h5 47. Kc3 Ke4 48. cxb5 Kxd5 49. Kd3 Ke5 50. Ke3 d5 51. Kd3 d4 52. Kc4 Ke4 53. Kc5 d3 54. Kc6 d2 55. Kxc7 d1=Q 56. b6 Qc2+ 57. Kd8 Qc6 0-1


[Site "https://www.chess.com"]

[Event "Titled Tuesday Blitz May 11 2021"]
[White "Oparin, Grigoriy"]
[Black "Tsydypov, Zhamsaran"]
[WhiteFideId "24125890"]
[BlackFideId "4108566"]
[WhiteElo "2628"]
[BlackElo "2645"]
[Result "1-0"]
[Round "06"]
[TimeControl "180+1"]
[Date "2021.05.11"]
[WhiteClock "0:01:02"]
[BlackClock "0:00:05"]

1. d4 d5 2. Nf3 Nf6 3. c4 e6 4. g3 c6 5. Bg2 Be7 6. O-O O-O 7. b3 b6 8. Bb2 Bb7 9. Qc2 Nbd7 10. Nbd2 c5 11. Rfd1 Rc8 12. Rac1 a6 13. dxc5 Bxc5 14. e3 Qe7 15. Qb1 Ba3 16. Bxa3 Qxa3 17. Nd4 Ne5 18. N2f3 Ned7 19. Ne1 Ne5 20. Nd3 Nxd3 21. Rxd3 Ne4 22. Bxe4 dxe4 23. Rd2 Qa5 24. Rcd1 Qh5 25. Qb2 b5 26. Ne2 bxc4 27. bxc4 Ba8 28. Rc1 e5 29. c5 Bc6 30. Nc3 f5 31. Nd5 Rce8 32. Nb4 Bb5 33. a4 Bd3 34. Nxd3 exd3 35. Qb3+ Kh8 36. Qxd3 f4 37. exf4 exf4 38. Qd5 Qh3 39. Qg2 Qh6 40. Rdc2 f3 41. Qf1 Re7 42. c6 Rc7 43. Qxa6 Re8 44. Qd3 Qh5 45. h4 Qg4 46. Kh2 Rce7 47. c7 1-0


[Site "https://www.chess.com"]

[Event "Titled Tuesday Blitz May 11 2021"]
[White "Paichadze, Luka"]
[Black "Matlakov, Maxim"]
[WhiteFideId "13602934"]
[BlackFideId "4168003"]
[WhiteElo "2537"]
[BlackElo "2760"]
[Result "0-1"]
[Round "06"]
[TimeControl "180+1"]
[Date "2021.05.11"]
[WhiteClock "0:01:15"]
[BlackClock "0:01:16"]

1. e4 c5 2. Nf3 e6 3. c3 Nf6 4. e5 Nd5 5. d4 cxd4 6. cxd4 d6 7. Bc4 Be7 8. O-O O-O 9. Qe2 b6 10. Rd1 Bb7 11. Nc3 Nxc3 12. bxc3 Qc7 13. Bf4 Nd7 14. Bd3 Bxf3 15. Qxf3 dxe5 16. dxe5 Nc5 17. Bc2 Rad8 18. h4 Rxd1+ 19. Rxd1 Rd8 20. h5 Rxd1+ 21. Qxd1 g6 22. h6 Nd7 23. Qf3 Nxe5 24. Qa8+ Bf8 25. Bb3 Qxc3 26. Qe4 Ng4 27. g3 Qa1+ 28. Kg2 Qh1+ 29. Kxh1 Nxf2+ 30. Kg2 Nxe4 0-1


[Site "https://www.chess.com"]